 Dungeon Crawl Stone Soup version 0.17.2-1-ge4368a0 (webtiles) character file.

72 ololoev the Chopper (level 4, 52/52 HPs)
             Began as a Demonspawn Berserker on July 26, 2016.
             Was a Follower of Trog.
             Quit the game on level 3 of the Dungeon.
             The game lasted 00:01:31 (241 turns).

ololoev the Chopper (Demonspawn Berserker)           Turns: 241, Time: 00:01:32

Health: 52/52      AC:  5    Str: 23    XL:     4   Next: 6%
Magic:  4/4        EV: 11    Int:  9    God:    Trog [*.....]
Gold:   14         SH:  0    Dex: 12    Spells: 0 memorised, 3 levels left

rFire  . . .     SeeInvis .     a - +0 hand axe
rCold  . . .     Clarity  .     i - +0 ring mail
rNeg   . . .     SustAt   .     (no shield)
rPois  .         Gourm    .     (no helmet)
rElec  .         Spirit   .     (no cloak)
rCorr  .         Warding  .     (no gloves)
rMut   .         Stasis   .     (no boots)
MR     .....                    (no amulet)
Stlth  ..........               (no ring)
                                (no ring)

@: berserking, very quick, not resistant to hostile enchantments, extremely
unstealthy
A: nightstalker 1, powered by pain 1
a: Berserk, Burn Spellbooks, Renounce Religion


Innate Abilities, Weirdness & Mutations

You are slightly more attuned to the shadows.
You sometimes gain a little power by taking damage.

Inventory:

Hand Weapons
 a - a +0 hand axe (weapon)
Armour
 i - a +0 ring mail (worn)
Wands
 h - a wand of slowing (21)
Scrolls
 b - a scroll of enchant weapon {unknown}
 l - a scroll of identify {unknown}
Potions
 d - a potion of brilliance {unknown}
 e - a potion of flight {unknown}
 k - a potion of cancellation {unknown}
Comestibles
 c - a bread ration
 f - 2 chunks of flesh
 g - a beef jerky
 j - a meat ration


   Skills:
 - Level 3.0 Fighting
 * Level 4.1 Axes
 + Level 2.4 Armour
 - Level 1.7 Dodging


You had 3 spell levels left.
You didn't know any spells.


You were on level 3 of the Dungeon.
You worshipped Trog.
Trog was aware of your devotion.
You were not hungry.

You visited 1 branch of the dungeon, and saw 3 of its levels.

You collected 14 gold pieces.

#####
####...####
#.........###
#..@.......
#<....#.###
##...##
.......#
###.###.# #.#
# ... #..# ..

Notes
Turn   | Place    | Note
--------------------------------------------------------------
     0 | D:1      | ololoev the Demonspawn Berserker began the quest for the Orb.
     0 | D:1      | Reached XP level 1. HP: 18/18 MP: 1/1
    92 | D:1      | Gained mutation: You sometimes gain a little power by taking damage. [demonic ancestry]
    92 | D:1      | Reached XP level 2. HP: 21/24 MP: 2/2
   145 | D:2      | Found an iron altar of Okawaru.
   207 | D:2      | Reached ** piety under Trog
   234 | D:3      | Noticed a scorpion
   240 | D:3      | Killed a scorpion
   240 | D:3      | Reached skill level 4 in Axes
   240 | D:3      | Gained mutation: You are slightly more attuned to the shadows. [demonic ancestry]
   240 | D:3      | Reached XP level 3. HP: 29/29 MP: 3/3
   240 | D:3      | Reached XP level 4. HP: 35/35 MP: 4/4
   241 | D:3      | Quit the game

Dungeon Overview and Level Annotations

Branches:
Dungeon (3/15)

Altars:
Okawaru


Message History

You hit the hobgoblin.
You kill the hobgoblin!
Trog accepts your kill.
Things that are here:
a club; a hobgoblin corpse
l - a scroll labeled WILIYTT AWINU Use which ability? (? or * to list)
Your skin crawls.
You feel resistant to hostile enchantments.
You feel slightly more hungry.
You can no longer call upon Trog for regeneration and protection from hostile enchantments.
HP restored.
You feel the effects of Trog's Hand fading.
There is a stone staircase leading down here.
Your skin stops crawling.
You feel less resistant to hostile enchantments.
You climb downwards.
A scorpion comes into view.
There is a stone staircase leading up here.
Use which ability? (? or * to list)
A red film seems to cover your vision as you go berserk!
You feel yourself moving faster!
You feel mighty!
You feel somewhat more hungry.
You closely miss the scorpion. You hit the scorpion.
The scorpion is heavily wounded.
The scorpion misses you.
You slash the scorpion!
You kill the scorpion!
Trog accepts your kill.
Your Axes skill increases to level 4!
You have reached level 3!
Your experience leads to an increase in your attributes!
Your base attributes are Str 17, Int 8, Dex 12.
Increase (S)trength, (I)ntelligence, or (D)exterity?
You feel stronger.
Your demonic ancestry asserts itself...
You slip into the darkness of the dungeon.
You have reached level 4!
You feel clever.
Are you sure you want to abandon this character and quit the game? (Confirm with "yes".)

There were no monsters in sight!

Vanquished Creatures
  A scorpion (D:3)
  An adder (D:2)
  2 giant cockroaches (D:2)
  6 hobgoblins
  4 jackals (D:1)
  2 goblins
  A kobold (D:2)
  4 rats
21 creatures vanquished.

Action                   |  1- 3 |  4- 6 || total
-------------------------+-------+-------++-------
Melee: Hand axe          |    41 |       ||    41
Invok: Berserk           |     2 |       ||     2
       Trog's Hand       |     1 |       ||     1
Evoke: Wand              |     3 |       ||     3

Vault maps used:
D:1:      evilmike_arrival_hilbert_curve
D:2:      okawaru_trees_1
D:3:      lemuel_castle_with_subvaults
